 Dungeon Crawl Stone Soup version 0.29-a0-757-g358383bc75 (webtiles) character file.

Game seed: 1009362995805266199

47 garrulousMonolith the Gusty (level 3, -1/26 HPs)
             Began as a Gnoll Air Elementalist on June 30, 2022.
             Slain by a worm (2 damage)
             ... on level 2 of the Dungeon.
             The game lasted 00:01:28 (1029 turns).

garrulousMonolith the Gusty (GnAE)                  Turns: 1029, Time: 00:01:29

Health: -1/26      AC:  4    Str:  7    XL:     3   Next: 70%
Magic:  1/9        EV: 13    Int: 16    God:
Gold:   97         SH:  0    Dex: 18    Spells: 9/12 levels left

rFire   + . .      SeeInvis .     - Unarmed
rCold   . . .      Faith    .   (no shield)
rNeg    . . .      Spirit   .   l - +1 leather armour {rF+}
rPois   .          Reflect  .   (no helmet)
rElec   .          Harm     .   (no cloak)
rCorr   .          Rampage  .   (no gloves)
Will    .....                   (no boots)
Stlth   +++.......              (no amulet)
HPRegen 0.08/turn               f - +6 ring of dexterity
MPRegen 0.11/turn               (no ring)

@: about to teleport
A: fangs 1, strong nose, distributed training
a: no special abilities


You were on level 2 of the Dungeon.
You visited 1 branch of the dungeon, and saw 2 of its levels.

You collected 97 gold pieces.

Inventory:

Missiles
 h - 2 poisoned darts
Armour
 a - a +0 robe
 l - a +1 leather armour of fire resistance (worn)
Jewellery
 f - a +6 ring of dexterity (left hand)
Scrolls
 m - a scroll of amnesia {unknown}
Potions
 b - 3 potions of lignification {unknown}
 c - a potion of heal wounds {unknown}
 j - a potion of flight {unknown}
 k - a potion of curing


   Skills:
 + Level 1.0 Fighting
 + Level 1.0 Short Blades
 + Level 1.0 Long Blades
 + Level 1.0 Axes
 + Level 1.0 Maces & Flails
 + Level 1.0 Polearms
 + Level 1.0 Staves
 + Level 1.0 Ranged Weapons
 + Level 1.0 Throwing
 + Level 1.0 Armour
 + Level 4.6 Dodging
 + Level 4.2 Stealth
 + Level 1.0 Shields
 + Level 1.0 Unarmed Combat
 + Level 5.0 Spellcasting
 + Level 2.1 Conjurations
 + Level 0.7 Hexes
 + Level 0.7 Summonings
 + Level 0.7 Necromancy
 + Level 0.7 Translocations
 + Level 0.7 Transmutations
 + Level 0.7 Fire Magic
 + Level 0.7 Ice Magic
 + Level 5.4 Air Magic
 + Level 0.7 Earth Magic
 + Level 0.7 Poison Magic
 + Level 1.0 Invocations
 + Level 1.0 Evocations


You had 9 spell levels left.
You knew the following spells:

 Your Spells              Type           Power      Damage    Failure   Level
a - Shock                 Conj/Air       64%        1d7       4%          1
b - Static Discharge      Conj/Air       16%        N/A       7%          2

Your spell library contained the following spells:

 Spells                   Type           Power      Damage    Failure   Level
 Swiftness                Air            21%        N/A       7%          3
 Airstrike                Air            10%        N/A       24%         4


Dungeon Overview and Level Annotations

Branches:
Dungeon (2/15)

Altars:


Innate Abilities, Weirdness & Mutations

You have very sharp teeth.
Your uncanny sense of smell can sniff out nearby items.
Your experience applies equally to all skills.


Message History

Your Long Blades skill increases to level 1!
Your Axes skill increases to level 1!
Your Maces & Flails skill increases to level 1!
Your Polearms skill increases to level 1!
Your Staves skill increases to level 1!
Your Ranged Weapons skill increases to level 1!
Your Throwing skill increases to level 1!
Your Armour skill increases to level 1!
Your Shields skill increases to level 1!
Your Unarmed Combat skill increases to level 1!
Your Spellcasting skill increases to level 5!
Your Invocations skill increases to level 1!
Your Evocations skill increases to level 1!
You have reached level 3!
Your experience leads to an increase in your attributes!
Your base attributes are Str 7, Int 14, Dex 12.
Increase (S)trength, (I)ntelligence, or (D)exterity?
You feel clever. x2
Casting: Static Discharge (safe; 7% risk of failure)
Confirm with . or Enter, or press ? or * to list all spells.
Aiming: Shock (safe; 4% risk of failure)
Press: ? - help, Shift-Dir - straight line, f - worm
Aim: a worm (90% to hit)
The zap hits the worm.
The worm is moderately wounded.
You see here 3 viscous pink potions.
b - 3 viscous pink potions
As you read the scroll labelled UMOEBOQ LIUQ, it crumbles to dust.
The scroll dissolves into smoke.
It was a scroll of fog.
Nothing appears to happen.
As you read the scroll labelled PIULYTSOXEO, it crumbles to dust.
It was a scroll of poison.
The worm bites you!
* * * LOW HITPOINT WARNING * * *
Your magical contamination has completely faded away.
As you read the scroll labelled QOJEHI DELUEDO, it crumbles to dust.
You feel aware of your surroundings.
It was a scroll of magic mapping.
As you read the scroll labelled TOM HAWKOEVO, it crumbles to dust.
You feel strangely unstable.
It was a scroll of teleportation.
The worm bites you.
You die...

****,******,,***,,,***,,,,,*****,
*,* *,,**##.,,,,,,,,,,,,,,, *,*
*,,,,...,***,,,,,****** *,*
*****#..,∆,,,,,,,* *,*
#J#******,*** *,* #.# *,* *,* #§#
*,***** *,* #§# *,,,,,* *,* #@#
*****,* *,* #w# *,* *,* #§# *,*
*,* #)# *,* *,* #.# *,*
****,*##########.# *,****
*,,,,*...........### *,,,,,
*,****,#...##w>....##### ******
*,* **,.**#............#


You could see a worm.

Vanquished Creatures
  Terence (D:2)
  An adder (D:2)
  A dart slug (D:1)
  A bat (D:1)
  An endoplasm (D:1)
  A goblin (D:2)
  3 ball pythons (D:1)
  3 frilled lizards (D:1)
  2 rats (D:1)
14 creatures vanquished.

Notes
Turn   | Place    | Note
-------+----------+-------------------------------------------
     0 | D:1      | garrulousMonolith the Gnoll Air Elementalist began the
                  | quest for the Orb.
     0 | D:1      | Reached XP level 1. HP: 13/13 MP: 6/6
   246 | D:1      | Found a faded altar of an unknown god.
   276 | D:1      | Reached XP level 2. HP: 19/19 MP: 5/7
  1000 | D:2      | Learned a level 2 spell: Static Discharge
  1000 | D:2      | Noticed Terence
  1021 | D:2      | Killed Terence
  1022 | D:2      | Reached skill level 1 in Fighting
  1022 | D:2      | Reached skill level 1 in Short Blades
  1022 | D:2      | Reached skill level 1 in Long Blades
  1022 | D:2      | Reached skill level 1 in Axes
  1022 | D:2      | Reached skill level 1 in Maces & Flails
  1022 | D:2      | Reached skill level 1 in Polearms
  1022 | D:2      | Reached skill level 1 in Staves
  1022 | D:2      | Reached skill level 1 in Ranged Weapons
  1022 | D:2      | Reached skill level 1 in Throwing
  1022 | D:2      | Reached skill level 1 in Armour
  1022 | D:2      | Reached skill level 1 in Shields
  1022 | D:2      | Reached skill level 1 in Unarmed Combat
  1022 | D:2      | Reached skill level 5 in Spellcasting
  1022 | D:2      | Reached skill level 1 in Invocations
  1022 | D:2      | Reached skill level 1 in Evocations
  1022 | D:2      | Reached XP level 3. HP: 8/26 MP: 1/9
  1027 | D:2      | HP: 1/26 [worm (8)]
  1029 | D:2      | Slain by a worm

Illustrated notes

Levels and vault maps discovered:
D:1:      amcnicky_arrival_choice, layout_rooms, serial_curves, eino_curves_03,
          eino_curves_02, shapermc_ecumenical_altar_mp_urbaneastern
D:2:      layout_loops_ring, uniq_terence

Skill      XL: |  1  2 |
---------------+-------+-----
Conjurations   | 2 |  2.1
Fighting       | 1 |  1.0
Short Blades   | 1 |  1.0
Long Blades    | 1 |  1.0
Axes           | 1 |  1.0
Maces & Flails | 1 |  1.0
Polearms       | 1 |  1.0
Staves         | 1 |  1.0
Ranged Weapons | 1 |  1.0
Throwing       | 1 |  1.0
Armour         | 1 |  1.0
Shields        | 1 |  1.0
Unarmed Combat | 1 |  1.0
Spellcasting   | 5 |  5.0
Invocations    | 1 |  1.0
Evocations     | 1 |  1.0
Dodging        | |  4.6
Stealth        | |  4.2
Hexes          | |  0.7
Summonings     | |  0.7
Necromancy     | |  0.7
Translocations | |  0.7
Transmutations | |  0.7
Fire Magic     | |  0.7
Ice Magic      | |  0.7
Air Magic      | |  5.4
Earth Magic    | |  0.7
Poison Magic   | |  0.7

Action                   || total
-------------------------++-------
Melee: Unarmed           ||     3
       Bite              ||     1
 Cast: Shock             ||    28
       Static Discharge  ||     4
  Use: Potion            ||     2
       Scroll            ||     4
Armor: Leather armour    ||     4
Dodge: Dodged            ||     4

Table legend: (Time is in decaauts)
 A = Elapsed time spent in this place.
 B = Non-inter-level travel time spent in this place.
 C = Inter-level travel time spent in this place.
 D = Time resting spent in this place.
 E = Time spent auto-exploring this place.
 F = Levels seen in this place.
 G = Mean time per level.
                   A        B        C        D        E       F      G
               +--------+--------+--------+--------+--------+-----+--------+
         Total |   1028 |   1001 |     27 |      0 |    888 |   2 |  514.0 |
       Dungeon |   1028 |   1001 |     27 |      0 |    888 |   2 |  514.0 |
               +--------+--------+--------+--------+--------+-----+--------+

Top non-repeatable levels by time:
     D:1: 784 daAuts
     D:2: 243 daAuts
